TOP OF THE 1ST |
Hialeah Dodos batting - Pitching for Calgary Lynx : RHP Nick Taylor
|
Pitching: RHP Nick Taylor
|
|
Batting: RHB Pedro Longoria
|
0-0: Called Strike 0-1: Ball 1-1: Foul Ball, location: 2F 1-2: Foul Ball, location: 2F 1-2: Ball 2-2: Ball 3-2: Base on Balls
|
Batting: RHB David Nielsen
|
0-0: Called Strike 0-1: Called Strike 0-2: Foul Ball, location: 2F 0-2: Ball 1-2: Ball 2-2: Foul Ball, location: 2F 2-2: Grounds into double play, 4-6-3 (Groundball, 4)
|
Batting: LHB Alfonso Núñez
|
0-0: Ball 1-0: Foul Ball, location: 2F 1-1: Ground out 1-3 (Groundball, 13S)
|
Top of the 1st over - 0 run(s), 0 hit(s), 0 error(s), 0 left on base; Hialeah 0 - Calgary 0 |
BOTTOM OF THE 1ST |
Calgary Lynx batting - Pitching for Hialeah Dodos : RHP John Bailey
|
Pitching: RHP John Bailey
|
|
Batting: RHB Alfredo Méndez
|
0-0: Ball 1-0: Ball 2-0: Called Strike 2-1: Ball 3-1: Ground out 6-3 (Groundball, 6)
|
Batting: RHB Darren Tomlinson
|
0-0: Ball 1-0: Foul Ball, location: 2F 1-1: Called Strike 1-2: Ball 2-2: Ground out 1-3 (Groundball, 13S)
|
Batting: RHB Edmund Gallagher
|
0-0: SINGLE (Groundball, 34D)
|
Batting: LHB José Alonso
|
0-0: Ball 1-0: Foul Ball, location: 2F 1-1: Ball 2-1: Foul Ball, location: 2F 2-2: SINGLE (Groundball, 3D) Edmund Gallagher to second Runner from 2nd tries for 3rd, SAFE, no throw or cutoff
|
Batting: RHB Tony Farquharson
|
0-0: Fielders Choice at 2nd, 5-4 (Groundball, 56)
|
Bottom of the 1st over - 0 run(s), 2 hit(s), 0 error(s), 1 left on base; Hialeah 0 - Calgary 0 |
TOP OF THE 2ND |
Hialeah Dodos batting - Pitching for Calgary Lynx : RHP Nick Taylor
|
Batting: LHB Motoshige Kitamura
|
0-0: Ball 1-0: Swinging Strike 1-1: Ball 2-1: Ball 3-1: Base on Balls
|
Batting: LHB Jeff Conklin
|
0-0: Ball Motoshige Kitamura steals 2nd base 1-0: Ball 2-0: Ball 3-0: Base on Balls
|
Batting: RHB Herman Cook
|
0-0: Foul Ball, location: 2F 0-1: Ball 1-1: Swinging Strike 1-2: Strikes out swinging
|
Batting: RHB Gerald Sims
|
0-0: Fly out, F1 (Popup, 15S)
|
Batting: RHB Luis Sáenz
|
0-0: Called Strike 0-1: Ball 1-1: Called Strike 1-2: Strikes out swinging
|
Top of the 2nd over - 0 run(s), 0 hit(s), 0 error(s), 2 left on base; Hialeah 0 - Calgary 0 |
BOTTOM OF THE 2ND |
Calgary Lynx batting - Pitching for Hialeah Dodos : RHP John Bailey
|
Batting: RHB John Huff
|
0-0: Called Strike 0-1: Reached on error, E6 (Groundball, 6M)
|
Batting: SHB Tom Craft
|
0-0: Ball 1-0: Ball 2-0: Fly out, F6 (Popup, 6D)
|
Batting: RHB Emílio Ortíz
|
0-0: Called Strike 0-1: Foul Ball, location: 2F 0-2: Ball 1-2: Ground out 5-3 (Groundball, 56)
|
Batting: RHB Jim Browning
|
0-0: Ball 1-0: Foul Ball, location: 2F 1-1: Fly out, F6 (Line Drive, 56D)
|
Bottom of the 2nd over - 0 run(s), 0 hit(s), 1 error(s), 1 left on base; Hialeah 0 - Calgary 0 |
TOP OF THE 3RD |
Hialeah Dodos batting - Pitching for Calgary Lynx : RHP Nick Taylor
|
Batting: RHB Carl Carlson
|
0-0: Ball 1-0: Swinging Strike 1-1: Foul Ball, location: 2F 1-2: SINGLE (Groundball, 6MD)
|
Pitching: RHP Ricardo González
|
|
Batting: RHB Pedro Longoria
|
0-0: Ball 1-0: Fly out, F9 (Flyball, 89S)
|
Batting: RHB David Nielsen
|
0-0: Ball 1-0: Foul Ball, location: 2F 1-1: SINGLE (Line Drive, 6M) Carl Carlson to second
|
Batting: LHB Alfonso Núñez
|
0-0: Ball 1-0: Ball 2-0: Foul Ball, location: 2F 2-1: Ball 3-1: Called Strike 3-2: Base on Balls Carl Carlson to third David Nielsen to second
|
Batting: LHB Motoshige Kitamura
|
0-0: Swinging Strike 0-1: Ball 1-1: Called Strike 1-2: Grounds into fielders choice 1-2 (Groundball, 13S) David Nielsen to third Alfonso Núñez to second
|
Batting: LHB Jeff Conklin
|
0-0: Ball Wild Pitch! David Nielsen scores Alfonso Núñez to third Motoshige Kitamura to second 1-0: Ball 2-0: Ball 3-0: Base on Balls
|
Batting: RHB Herman Cook
|
0-0: Ball 1-0: Swinging Strike 1-1: Ball 2-1: Ground out 5-3 (Groundball, 5S)
|
Top of the 3rd over - 1 run(s), 2 hit(s), 0 error(s), 3 left on base; Hialeah 1 - Calgary 0 |
BOTTOM OF THE 3RD |
Calgary Lynx batting - Pitching for Hialeah Dodos : RHP John Bailey
|
Batting: RHB Alfredo Méndez
|
0-0: Ground out 1-3 (Groundball, 13)
|
Batting: RHB Darren Tomlinson
|
0-0: Ball 1-0: Swinging Strike 1-1: Swinging Strike 1-2: Foul Ball, location: 2F 1-2: Fly out, F9 (Flyball, 89M)
|
Batting: RHB Edmund Gallagher
|
0-0: Swinging Strike 0-1: Swinging Strike 0-2: Foul Ball, location: 2F 0-2: Fly out, F8 (Flyball, 8LM)
|
Bottom of the 3rd over - 0 run(s), 0 hit(s), 0 error(s), 0 left on base; Hialeah 1 - Calgary 0 |
TOP OF THE 4TH |
Hialeah Dodos batting - Pitching for Calgary Lynx : RHP Ricardo González
|
Batting: RHB Gerald Sims
|
0-0: Called Strike 0-1: Foul Ball, location: 2F 0-2: Ball 1-2: Strikes out looking
|
Batting: RHB Luis Sáenz
|
0-0: Swinging Strike 0-1: Foul Ball, location: 2F 0-2: Strikes out swinging
|
Batting: RHB Carl Carlson
|
0-0: Ball 1-0: SINGLE (Groundball, 34D)
|
Batting: RHB Pedro Longoria
|
0-0: Called Strike 0-1: Ball 1-1: Ball 2-1: Ground out 5-3 (Groundball, 56S)
|
Top of the 4th over - 0 run(s), 1 hit(s), 0 error(s), 1 left on base; Hialeah 1 - Calgary 0 |
BOTTOM OF THE 4TH |
Calgary Lynx batting - Pitching for Hialeah Dodos : RHP John Bailey
|
Batting: LHB José Alonso
|
0-0: Ball 1-0: DOUBLE (Line Drive, 89D)
|
Batting: RHB Tony Farquharson
|
0-0: Ball 1-0: Called Strike 1-1: Foul Ball, location: 2F 1-2: Foul Ball, location: 2F 1-2: Ball 2-2: Ball 3-2: Strikes out swinging
|
Batting: RHB John Huff
|
0-0: Swinging Strike 0-1: Foul Ball, location: 2F 0-2: Foul Ball, location: 2F 0-2: Ground out 1-3 (Groundball, 13S) José Alonso to third
|
Batting: SHB Tom Craft
|
0-0: Ball 1-0: Ball 2-0: Ball 3-0: Base on Balls
|
Batting: RHB Emílio Ortíz
|
0-0: Fly out, F8 (Flyball, 89S)
|
Bottom of the 4th over - 0 run(s), 1 hit(s), 0 error(s), 2 left on base; Hialeah 1 - Calgary 0 |
TOP OF THE 5TH |
Hialeah Dodos batting - Pitching for Calgary Lynx : RHP Ricardo González
|
Batting: RHB David Nielsen
|
0-0: Called Strike 0-1: Foul Ball, location: 2F 0-2: SINGLE (Flyball, 9LS)
|
Batting: LHB Alfonso Núñez
|
0-0: Ball 1-0: Ball 2-0: Called Strike 2-1: Called Strike 2-2: SINGLE (Groundball, 34D) David Nielsen to second David Nielsen to third
|
Batting: LHB Motoshige Kitamura
|
0-0: Fly out, F7 (Flyball, 7S)
|
Batting: LHB Jeff Conklin
|
0-0: Called Strike 0-1: SINGLE (Groundball, 34D) David Nielsen scores Alfonso Núñez to second Runner from 2nd tries for 3rd, SAFE, throw made to third
|
Batting: RHB Herman Cook
|
0-0: Swinging Strike 0-1: Ball 1-1: Called Strike 1-2: Strikes out looking
|
Pitching: RHP Millard Kessler
|
|
Batting: RHB Gerald Sims
|
0-0: Ball 1-0: Called Strike 1-1: Ball 2-1: Foul Ball, location: 2F 2-2: Ball 3-2: Base on Balls Jeff Conklin to second
|
Batting: RHB Luis Sáenz
|
0-0: Swinging Strike 0-1: Swinging Strike 0-2: Ball 1-2: Foul Ball, location: 2F 1-2: Fly out, F4 (Line Drive, 4M)
|
Top of the 5th over - 1 run(s), 3 hit(s), 0 error(s), 3 left on base; Hialeah 2 - Calgary 0 |
BOTTOM OF THE 5TH |
Calgary Lynx batting - Pitching for Hialeah Dodos : RHP John Bailey
|
Batting: RHB Jim Browning
|
0-0: Reached on error, E6 (Groundball, 6)
|
Batting: RHB Alfredo Méndez
|
0-0: Called Strike 0-1: Ground out 4-3 (Groundball, 4S) Jim Browning to second
|
Batting: RHB Darren Tomlinson
|
0-0: Foul Ball, location: 2F 0-1: Swinging Strike 0-2: Fly out, F3 (Popup, 3DF)
|
Batting: RHB Edmund Gallagher
|
0-0: Ball 1-0: Ground out 5-3 (Groundball, 5)
|
Bottom of the 5th over - 0 run(s), 0 hit(s), 1 error(s), 1 left on base; Hialeah 2 - Calgary 0 |
TOP OF THE 6TH |
Hialeah Dodos batting - Pitching for Calgary Lynx : RHP Millard Kessler
|
Batting: RHB Carl Carlson
|
0-0: Called Strike 0-1: Foul Ball, location: 2F 0-2: Ball 1-2: Foul Ball, location: 2F 1-2: Foul Ball, location: 2F 1-2: Foul Ball, location: 2F 1-2: SINGLE (Flyball, 8RS)
|
Batting: RHB Pedro Longoria
|
0-0: Sac Bunt - play at second, runner OUT! 1-6
|
Batting: RHB David Nielsen
|
0-0: Fly out, F2 (Popup, 2RF)
|
Batting: LHB Alfonso Núñez
|
0-0: Ball 1-0: Called Strike 1-1: Called Strike 1-2: SINGLE (Flyball, 78S) Pedro Longoria to second Pedro Longoria to third
|
Batting: LHB Motoshige Kitamura
|
0-0: Ball 1-0: SINGLE (Flyball, 9S) Pedro Longoria scores Alfonso Núñez to second Runner from 2nd tries for 3rd, SAFE, no throw or cutoff
|
Batting: LHB Jeff Conklin
|
0-0: Ground out U3 (Groundball, 3)
|
Top of the 6th over - 1 run(s), 3 hit(s), 0 error(s), 2 left on base; Hialeah 3 - Calgary 0 |
BOTTOM OF THE 6TH |
Calgary Lynx batting - Pitching for Hialeah Dodos : RHP John Bailey
|
Batting: LHB José Alonso
|
0-0: Called Strike 0-1: Ball 1-1: Foul Ball, location: 2F 1-2: Hit by Pitch
|
Batting: RHB Tony Farquharson
|
0-0: Ball 1-0: Grounds into double play, 6-4-3 (Groundball, 6M)
|
Batting: RHB John Huff
|
0-0: Ball 1-0: Ball 2-0: Ball 3-0: Base on Balls
|
Batting: SHB Tom Craft
|
0-0: Ball 1-0: Called Strike 1-1: Ball 2-1: Foul Ball, location: 2F 2-2: Ground out 4-3 (Groundball, 4)
|
Bottom of the 6th over - 0 run(s), 0 hit(s), 0 error(s), 1 left on base; Hialeah 3 - Calgary 0 |
TOP OF THE 7TH |
Hialeah Dodos batting - Pitching for Calgary Lynx : RHP Millard Kessler
|
Batting: RHB Herman Cook
|
0-0: Swinging Strike 0-1: Ball 1-1: SINGLE (Line Drive, 9S)
|
Batting: RHB Gerald Sims
|
0-0: Ball 1-0: Sac Bunt - play at first, batter OUT! 1-4 Herman Cook to second
|
Batting: RHB Luis Sáenz
|
0-0: Called Strike 0-1: Fly out, F5 (Line Drive, 56S)
|
Batting: RHB Carl Carlson
|
0-0: Ball 1-0: Ball 2-0: Fly out, F9 (Flyball, 9M)
|
Top of the 7th over - 0 run(s), 1 hit(s), 0 error(s), 1 left on base; Hialeah 3 - Calgary 0 |
BOTTOM OF THE 7TH |
Calgary Lynx batting - Pitching for Hialeah Dodos : RHP John Bailey
|
Batting: RHB Emílio Ortíz
|
0-0: Ball 1-0: Swinging Strike 1-1: Called Strike 1-2: Ball 2-2: Strikes out swinging
|
Batting: RHB Jim Browning
|
0-0: Foul Ball, location: 2F 0-1: Called Strike 0-2: Strikes out looking
|
Batting: RHB Alfredo Méndez
|
0-0: Ball 1-0: Ground out 2-3 (Groundball, 25)
|
Bottom of the 7th over - 0 run(s), 0 hit(s), 0 error(s), 0 left on base; Hialeah 3 - Calgary 0 |
TOP OF THE 8TH |
Hialeah Dodos batting - Pitching for Calgary Lynx : RHP Millard Kessler
|
Batting: RHB Pedro Longoria
|
0-0: Ball 1-0: Fly out, F6 (Popup, 56S)
|
Batting: RHB David Nielsen
|
0-0: Ball 1-0: Foul Ball, location: 2F 1-1: Ball 2-1: Ground out 5-3 (Groundball, 5L)
|
Batting: LHB Alfonso Núñez
|
0-0: Ball 1-0: Called Strike 1-1: Ball 2-1: Fly out, F9 (Flyball, 9D)
|
Top of the 8th over - 0 run(s), 0 hit(s), 0 error(s), 0 left on base; Hialeah 3 - Calgary 0 |
BOTTOM OF THE 8TH |
Calgary Lynx batting - Pitching for Hialeah Dodos : RHP John Bailey
|
Batting: RHB Darren Tomlinson
|
0-0: Ball 1-0: Called Strike 1-1: SINGLE (Flyball, 7S)
|
Batting: RHB Edmund Gallagher
|
0-0: Ball 1-0: Foul Ball, location: 2F 1-1: Fly out, F8 (Flyball, 8LD)
|
Batting: LHB José Alonso
|
0-0: Ball 1-0: Swinging Strike 1-1: Ball 2-1: 2-RUN HOME RUN (Flyball, 9LD), Distance : 333 ft
|
Pitching: RHP Jim Unknown
|
|
Batting: RHB Tony Farquharson
|
0-0: Called Strike 0-1: Foul Ball, location: 2F 0-2: Foul Ball, location: 2F 0-2: Strikes out looking
|
Batting: RHB John Huff
|
0-0: Ground out 1-3 (Groundball, 25)
|
Bottom of the 8th over - 2 run(s), 2 hit(s), 0 error(s), 0 left on base; Hialeah 3 - Calgary 2 |
TOP OF THE 9TH |
Hialeah Dodos batting - Pitching for Calgary Lynx : RHP Millard Kessler
|
Batting: LHB Motoshige Kitamura
|
0-0: Ball 1-0: Called Strike 1-1: Called Strike 1-2: Foul Ball, location: 2F 1-2: Fly out, F4 (Popup, 4S)
|
Pitching: RHP Clancy McKinney
|
|
Batting: LHB Jeff Conklin
|
0-0: Ball 1-0: Called Strike 1-1: Called Strike 1-2: Ball 2-2: SOLO HOME RUN (Flyball, 9D), Distance : 361 ft
|
Batting: RHB Herman Cook
|
0-0: Swinging Strike 0-1: Called Strike 0-2: Strikes out looking
|
Batting: RHB Gerald Sims
|
0-0: Fly out, F9 (Flyball, 9M)
|
Top of the 9th over - 1 run(s), 1 hit(s), 0 error(s), 0 left on base; Hialeah 4 - Calgary 2 |
BOTTOM OF THE 9TH |
Calgary Lynx batting - Pitching for Hialeah Dodos : RHP Jim Unknown
|
Batting: SHB Tom Craft
|
0-0: Called Strike 0-1: Ball 1-1: Swinging Strike 1-2: Ball 2-2: SINGLE (Line Drive, 56)
|
Pinch Hitting: LHB Walter Kirk
|
0-0: Swinging Strike 0-1: Ball 1-1: Called Strike 1-2: Ball 2-2: Foul Ball, location: 2F 2-2: Ball 3-2: Fielders Choice at 2nd, U4 (Groundball, 4M)
|
Pinch Hitting: RHB Pedro Cruz
|
0-0: Ball 1-0: Called Strike 1-1: Ball 2-1: Grounds into double play, 1-6-3 (Groundball, 15)
|
Bottom of the 9th over - 0 run(s), 1 hit(s), 0 error(s), 0 left on base; Hialeah 4 - Calgary 2 |
|